 Dungeon Crawl Stone Soup version 0.19.1 (webtiles) character file.

355 esteth the Magician (level 6, -4/32 HPs)
             Began as a Deep Elf Wizard on Dec 18, 2016.
             Killed by divine providence
             ... invoked by an orc priest
              (8 damage)
             ... on level 3 of the Dungeon.
             The game lasted 00:17:22 (5239 turns).

esteth the Magician (Deep Elf Wizard)               Turns: 5239, Time: 00:17:23

Health: -4/32      AC:  3    Str:  4    XL:     6   Next: 36%
Magic:  13/26      EV: 13    Int: 25    God:
Gold:   184        SH:  0    Dex: 13    Spells: 7 memorised, 2 levels left

rFire  . . .     SeeInvis .     (no weapon)
rCold  . . .     Gourm    .     a - +1 robe
rNeg   . . .     Faith    .     (no shield)
rPois  .         Spirit   .     b - +0 hat
rElec  .         Reflect  .     (no cloak)
rCorr  .         Harm     .     (no gloves)
MR     .....                    (no boots)
Stlth  ++........               (no amulet)
                                (no ring)
                                u - ring of magical power

@: no status effects
A: no striking features
a: no special abilities


You were on level 3 of the Dungeon.
You were not hungry.

You visited 1 branch of the dungeon, and saw 4 of its levels.

You collected 184 gold pieces.

Inventory:

Armour
 a - a +1 robe (worn)
 b - a +0 hat (worn)
Jewellery
 u - a ring of magical power (left hand)
Scrolls
 k - 2 scrolls of amnesia
 m - 2 scrolls of identify
Potions
 e - a potion of invisibility
 f - a potion of brilliance
 g - a potion of curing
 i - 2 potions of might {unknown}
 j - a potion of ambrosia {unknown}
 p - a potion of haste {unknown}
 q - a potion of berserk rage {unknown}
 r - a potion of experience {unknown}
Books
 c - a book of Minor Magic

   Spells                             Type                      Level
   a - Magic Dart                     Conjuration                  1
   b - Blink                          Translocation                2
   c - Call Imp                       Summoning                    2
   d - Repel Missiles                 Charms/Air                   2
   e - Slow                           Hexes                        2
   f - Conjure Flame                  Conjuration/Fire             3
   g - Mephitic Cloud                 Conjuration/Poison/Air       3
 o - a book of Misfortune

   Spells                             Type                      Level
   a - Confusing Touch                Hexes                        1
   b - Confuse                        Hexes                        3
   c - Gell's Gravitas                Hexes/Translocation          3
   d - Petrify                        Transmutation/Earth          4
   e - Metabolic Englaciation         Hexes/Ice                    5
   f - Yara's Violent Unravelling     Hexes/Transmutation          5
Comestibles
 d - 3 bread rations
 h - 3 fruits
 l - 3 meat rations
 n - 2 beef jerkies


   Skills:
 - Level 2.9 Dodging
 - Level 2.6 Stealth
 + Level 6.6 Spellcasting
 + Level 4.3 Conjurations
 + Level 2.0 Hexes
 - Level 2.9 Summonings
 - Level 1.1 Translocations


You had 2 spell levels left.
You knew the following spells:

 Your Spells              Type           Power        Failure   Level  Hunger
a - Magic Dart            Conj           ####         1%          1    None
b - Blink                 Tloc           N/A          10%         2    None
c - Call Imp              Summ           ###.....     3%          2    None
d - Repel Missiles        Chrm/Air       #.....       12%         2    None
e - Mephitic Cloud        Conj/Pois/Air  ###.....     12%         3    None
f - Conjure Flame         Conj/Fire      ###.....     12%         3    None
g - Confuse               Hex            ###.....     12%         3    None


Dungeon Overview and Level Annotations

Branches:
Dungeon (4/15)
 Temple: D:4-7

Altars:
Cheibriados

Annotations:
D:2 Terence
D:3 exclusion: downstairs
D:4 exclusions: player ghost and upstairs, Vajrapani's ghost, amateur DsFi


Message History

Aiming: Confuse
Press: ? - help, Shift-Dir - straight line, f/p - orc priest
Aim: an orc priest, wielding a vampiric dagger and wearing a scale mail (heavily wounded, chance to defeat MR: 49%)
The orc priest resists with some effort.
The orc priest looks braver for a moment.
Casting: Confuse
Confirm with . or Enter, or press ? or * to list all spells.
Aiming: Confuse
Press: ? - help, Shift-Dir - straight line, f/p - orc priest
Aim: an orc priest, wielding a vampiric dagger and wearing a scale mail (heavily wounded, chance to defeat MR: 49%)
The orc priest resists with some effort.
Casting: Confuse
Confirm with . or Enter, or press ? or * to list all spells.
Aiming: Confuse
Press: ? - help, Shift-Dir - straight line, f/p - orc priest
Aim: an orc priest, wielding a vampiric dagger and wearing a scale mail (heavily wounded, chance to defeat MR: 49%)
The orc priest resists with some effort.
The orc priest calls down the wrath of Beogh upon you.
Beogh smites you!
You die...

#......#.........#.......#.##
########.........#########...
#.........# #...
#.........#########.(.
######...........##.## #
#................ #
#o...........#.## #
#######............#.#. #
#.....@............#.#. #
#...............(..#.#. #
#.......####..####.#.#.
#..................#...
#.......#####.######...
#.......# #..# #... #>......#
##.# #...
##.##...######.#####...
#.##...#..........#.#'


You could see an orc priest.

Vanquished Creatures
  A scorpion (D:4)
  A centaur skeleton (D:4)
  An orc wizard (D:4)
  Natasha (thrice) (D:3)
  A worker ant (D:4)
  A gnoll (D:1)
  5 adders (D:3)
  3 worms
  2 dart slugs (D:1)
  5 leopard geckos
  5 orcs
  2 ball pythons
  4 bats
  A giant cockroach (D:3)
  4 goblins
  12 hobgoblins
  10 jackals
  2 quokkas
  7 frilled lizards
  6 kobolds
  6 rats
82 creatures vanquished.

Notes
Turn   | Place    | Note
-------+----------+-------------------------------------------
     0 | D:1      | esteth the Deep Elf Wizard began the quest for the Orb.
     0 | D:1      | Reached XP level 1. HP: 10/10 MP: 7/7
   376 | D:1      | Reached XP level 2. HP: 15/15 MP: 5/9
  1008 | D:1      | Reached skill level 5 in Spellcasting
  1058 | D:1      | Learned a level 2 spell: Blink
  1061 | D:1      | Learned a level 2 spell: Call Imp
  1064 | D:1      | Learned a level 2 spell: Repel Missiles
  1120 | D:1      | Reached XP level 3. HP: 19/19 MP: 8/11
  1728 | D:2      | Learned a level 3 spell: Mephitic Cloud
  2336 | D:3      | Noticed Natasha
  2343 | D:3      | Killed Natasha
  2343 | D:3      | Reached XP level 4. HP: 15/24 MP: 4/13
  2456 | D:3      | Learned a level 3 spell: Conjure Flame
  2497 | D:3      | Noticed Terence
  2974 | D:3      | Found a snail-covered altar of Cheibriados.
  3172 | D:3      | Noticed Natasha
  3207 | D:3      | Killed Natasha
  3355 | D:3      | Reached XP level 5. HP: 28/28 MP: 11/15
  3452 | D:3      | Noticed Natasha
  3467 | D:3      | Killed Natasha
  3467 | D:3      | Reached skill level 6 in Spellcasting
  3973 | D:4      | Learned a level 3 spell: Confuse
  4269 | D:4      | Noticed Vajrapani's ghost (amateur DsFi)
  4821 | D:4      | Reached skill level 1 in Hexes
  4821 | D:4      | Reached XP level 6. HP: 24/32 MP: 17/17
  5239 | D:3      | Killed from afar by an orc priest

Skill      XL: |  1  2  3  4  5  6 |
---------------+-------------------+-----
Spellcasting   | 5 6 |  6.6
Conjurations   | 2 3 4 |  4.3
Summonings     | 2 |  2.9
Hexes          | 1 2 |  2.0
Dodging        | |  2.9
Stealth        | |  2.6
Translocations | |  1.1

Action                   |  1- 3 |  4- 6 || total
-------------------------+-------+-------++-------
Melee: Unarmed           |    11 |       ||    11
 Cast: Magic Dart        |   123 |   140 ||   263
       Conjure Flame     |       |     4 ||     4
       Call Imp          |       |     2 ||     2
       Mephitic Cloud    |       |     1 ||     1
       Blink             |       |     1 ||     1
       Confuse           |       |     9 ||     9
  Use: Scroll            |     6 |     4 ||    10
       Potion            |       |     1 ||     1
  Eat: Chunk             |     4 |     1 ||     5
       Bread ration      |       |     2 ||     2
Armor: Robe              |     7 |     6 ||    13
Dodge: Dodged            |    27 |    31 ||    58
